 Dungeon Crawl Stone Soup version 0.30-a0-457-g4b7bca3bfa (webtiles) character file.

Game seed: 3346117480868660706

55 bmack86 the Covered (level 3, -3/33 HPs)
             Began as a Minotaur Fighter on Dec 13, 2022.
             Slain by a goblin
             ... wielding a +0 dagger
             ... led by Robin
              (4 damage)
             ... on level 2 of the Dungeon.
             The game lasted 00:03:08 (1112 turns).

bmack86 the Covered (Minotaur Fighter)              Turns: 1112, Time: 00:03:08

Health: -3/33      AC:  8    Str: 22    XL:     3   Next: 67%
Magic:  2/2        EV:  9    Int:  5    God:
Gold:   35         SH:  4    Dex:  9    Spells: 2/2 levels left

rFire   . . .      SeeInvis .    a - +0 war axe
rCold   . . .      Faith    .    c - +0 buckler
rNeg    . . .      Spirit   .    b - +0 scale mail
rPois   .          Reflect  .    (helmet restricted)
rElec   .          Harm     .    (no cloak)
rCorr   .          Rampage  .    (no gloves)
Will    .....                    e - +0 pair of boots
Stlth   ..........               g - amulet of magic regeneration
HPRegen 0.25/turn                (no ring)
MPRegen 0.48/turn                (no ring)

@: mighty
A: horns 2, retaliatory headbutt
a: no special abilities


You were on level 2 of the Dungeon.
You visited 1 branch of the dungeon, and saw 2 of its levels.

You collected 35 gold pieces.

Inventory:

Hand Weapons
 a - a +0 war axe (weapon)
Armour
 b - a +0 scale mail (worn)
 c - a +0 buckler (worn)
 e - a +0 pair of boots (worn)
Jewellery
 g - an amulet of magic regeneration (around neck)
Scrolls
 j - a scroll of butterflies {unknown}
 k - a scroll of immolation {unknown}
Potions
 d - a potion of might
 f - a potion of heal wounds {unknown}
 h - a potion of flight {unknown}
 i - a potion of attraction {unknown}


   Skills:
 + Level 4.1 Fighting
 + Level 3.0 Axes
 + Level 4.4 Armour
 + Level 4.2 Shields


You had 2 spell levels left.
You didn't know any spells.
Your spell library was empty.

Dungeon Overview and Level Annotations

Branches:
Dungeon (2/15)

Altars:

Shops:
D:1 [


Innate Abilities, Weirdness & Mutations

You have a pair of horns on your head.
You reflexively headbutt those who attack you in melee.


Message History

You slash the goblin!
You kill the goblin!
You block the goblin's attack.
You barely miss Robin. You barely miss the kobold. You barely miss the goblin.
You hit the hobgoblin. Robin hits you but does no damage.
The kobold hits you but does no damage. The goblin hits you but does no damage.
You block the hobgoblin's attack. Robin hits you but does no damage.
The hobgoblin hits you but does no damage.
The kobold completely misses you. You furiously retaliate!
You headbutt the kobold!
You kill the kobold!
The goblin hits you with a +0 club.
You barely miss Robin. You slash the goblin!
You kill the goblin!
You barely miss the hobgoblin.
The goblin no longer looks unusually strong.
Robin throws the goblin at you! The hobgoblin closely misses you.
You closely miss Robin. You slash the goblin!
You kill the goblin!
You closely miss the hobgoblin.
The hobgoblin no longer looks unusually strong.
The hobgoblin hits you. Robin hits you with a +0 club.
The hobgoblin hits you but does no damage.
Robin roars a battlecry!
The goblins go into a battle-frenzy!
You slash Robin! Your headbutt misses Robin.
Robin is almost dead.
You hit the hobgoblin.
You kill the hobgoblin!
You barely miss the goblin. Robin throws the goblin at you!
The goblin hits you with a +0 dagger.
* * * LOW HITPOINT WARNING * * *
You slash Robin!
You kill Robin!
You closely miss the goblin. You block the goblin's attack.
The goblin hits you with a +0 dagger.
* * * LOW HITPOINT WARNING * * *
Your Axes skill increases to level 3!
The goblin attacks as you move away! The goblin hits you with a +0 dagger.
You die...

. .. ######... #........
##)).⌠.... #)@)......
###g#####... #######.....#
#.....#.....#
#.....#.....## ########
#............# #......#
#.........##.# #......###
#............# #........#
#.....[...#######........##


You could see a goblin (strong).

Vanquished Creatures
  Robin (D:2)
  An adder (D:2)
  An endoplasm (D:2)
  A giant cockroach (D:1)
  10 goblins
  3 hobgoblins
  3 kobolds (D:2)
  5 ball pythons
  2 bats (D:1)
  A frilled lizard (D:2)
  5 rats
33 creatures vanquished.

Notes
Turn   | Place    | Note
-------+----------+-------------------------------------------
     0 | D:1      | bmack86 the Minotaur Fighter began the quest for the Orb.
     0 | D:1      | Reached XP level 1. HP: 19/19 MP: 0/0
    66 | D:1      | Found Zunyimn's Antique Armour Emporium.
   533 | D:1      | Reached XP level 2. HP: 27/27 MP: 1/1
   589 | D:1      | Found a faded altar of an unknown god.
  1099 | D:2      | Noticed Robin
  1103 | D:2      | Reached XP level 3. HP: 22/33 MP: 2/2
  1111 | D:2      | Killed Robin
  1111 | D:2      | HP: 1/33 [goblin/+0 dagger[Robin] (5)]
  1112 | D:2      | Slain by a goblin

Illustrated notes

Levels and vault maps discovered:
D:1:      minmay_arrival_checkered_box, layout_loops_corners, serial_shops,
          nicolae_square_shop, basic_ecumenical_altar,
          corexii_item_surrounded_by_moat, minivault_11
D:2:      layout_basic, minmay_misc_feat_room, nicolae_elevator_lobby_asterisk,
          uniq_robin

Skill      XL: |  1  2  3 |
---------------+----------+-----
Armour         | 4 |  4.4
Fighting       | 4 |  4.1
Shields        | 4 |  4.2
Axes           | 3 |  3.0

Action                   || total
-------------------------++-------
Melee: War axe           ||    36
       Headbutt          ||     4
  Use: Scroll            ||     1
       Potion            ||     1
Armor: Scale mail        ||    25
Dodge: Dodged            ||    28
Block: Buckler           ||     8

Table legend: (Time is in decaauts)
 A = Elapsed time spent in this place.
 B = Non-inter-level travel time spent in this place.
 C = Inter-level travel time spent in this place.
 D = Time resting spent in this place.
 E = Time spent auto-exploring this place.
 F = Levels seen in this place.
 G = Mean time per level.
                   A        B        C        D        E       F      G
               +--------+--------+--------+--------+--------+-----+--------+
         Total |   1127 |   1086 |     41 |     36 |    816 |   2 |  563.5 |
       Dungeon |   1127 |   1086 |     41 |     36 |    816 |   2 |  563.5 |
               +--------+--------+--------+--------+--------+-----+--------+

Top non-repeatable levels by time:
     D:1: 929 daAuts
     D:2: 197 daAuts
